 Dungeon Crawl Stone Soup version 0.30.1-11-g7821555f0a (webtiles) character file.

Game seed: 1960683143677687122

5605 CommanderCrumbcake the Nimble (level 10, -7/87 (90) HPs)
             Began as a Gnoll Monk on Dec 21, 2023.
             Was an Initiate of Gozag.
             Mangled by a troll (11 damage)
             ... on level 10 of the Dungeon.
             The game lasted 00:31:21 (7993 turns).

CommanderCrumbcake the Nimble (Gnoll Monk)          Turns: 7993, Time: 00:31:22

HP:   -7/87 (90)    AC: 21    Str: 12    XL:     10   Next: 73%
MP:   18/18         EV: 12    Int: 13    God:    Gozag
Gold: 164           SH:  0    Dex: 29    Spells: 20/20 levels left

rFire   . . .        r - +2 dagger (distort)
rCold   + . .        d - orb {light}
rNeg    + . .        q - +2 chain mail {rC+}
rPois   .            (no helmet)
rElec   +            (no cloak)
rCorr   .            l - +2 pair of gloves of Quagumyc {Dex+5}
SInv    .            (no boots)
Will    .....        (no amulet)
Stlth   +            g - ring "Goriubua" {*Corrode rElec rN+ Int+3 Dex+5}
HPRegen 0.34/turn    k - +4 ring of protection
MPRegen 0.16/turn

%: corrode self (3%)
@: lethally poisoned (-7 -> -25), slowed, glowing, lightly drained, very slow
A: fangs 1, strong nose, distributed training, iridescent scales 1, agile 1,
robust 1, subdued magic 1
a: Renounce Religion, Potion Petition, Call Merchant, Bribe Branch


You were on level 10 of the Dungeon.
You worshipped Gozag.
Gozag was aware of your devotion.
You visited 1 branch of the dungeon, and saw 10 of its levels.

You collected 1752 gold pieces.
You spent 854 gold pieces at shops.
You paid 734 gold pieces to Gozag.

Inventory:

Hand Weapons
 r - a +2 dagger of distortion (weapon)
 w - a +2 hand axe of electrocution
 B - the +8 flail "Sextaos" {elec, rN+}
   (You found it on level 9 of the Dungeon)

   rN:        It protects you from negative energy.
Missiles
 y - a throwing net (quivered)
 D - a javelin
Armour
 a - a scarf of invisibility
 d - an orb of light (worn)
 l - the +2 pair of gloves of Quagumyc (worn) {Dex+5}
   (You bought it in a shop on level 1 of the Dungeon)

   Dex:       It affects your dexterity (+5).
 q - a +2 chain mail of cold resistance (worn)
Jewellery
 g - the ring "Goriubua" (left hand) {*Corrode rElec rN+ Int+3 Dex+5}
   (You acquired it on level 1 of the Dungeon)

   [ring of positive energy]

   Int:       It affects your intelligence (+3).
   Dex:       It affects your dexterity (+5).
   rElec:     It insulates you from electricity.
   rN:        It protects you from negative energy.
   *Corrode:  It may corrode you when you take damage.
 k - a +4 ring of protection (right hand)
 C - a ring of poison resistance
Wands
 o - a wand of roots (12)
 p - a wand of polymorph (10)
Scrolls
 b - 2 scrolls of magic mapping
 j - 3 scrolls of vulnerability
 t - a scroll of amnesia
 v - 2 scrolls of poison
 x - a scroll of noise
Potions
 c - 5 potions of magic
 e - 2 potions of mutation
 f - 2 potions of flight
 h - 2 potions of haste
 i - 4 potions of curing
 m - 2 potions of heal wounds
 n - 3 potions of brilliance {unknown}
 u - a potion of invisibility {unknown}
 z - a potion of lignification {unknown}
 A - 2 potions of might
 F - a potion of attraction {unknown}
Miscellaneous
 E - a phial of floods (inert)


   Skills:
 + Level 8.8 Fighting
 + Level 5.7 Short Blades
 + Level 5.7 Long Blades
 + Level 8.8 Axes
 + Level 5.7 Maces & Flails
 + Level 5.7 Polearms
 + Level 5.7 Staves
 + Level 5.7 Ranged Weapons
 + Level 5.7 Throwing
 + Level 5.7 Armour
 + Level 8.8 Dodging
 + Level 5.7 Stealth
 + Level 5.7 Shields
 + Level 5.7 Unarmed Combat
 + Level 5.7 Spellcasting
 + Level 4.7 Conjurations
 + Level 4.7 Hexes
 + Level 4.7 Summonings
 + Level 4.7 Necromancy
 + Level 4.7 Translocations
 + Level 4.7 Transmutations
 + Level 4.7 Fire Magic
 + Level 4.7 Ice Magic
 + Level 4.7 Air Magic
 + Level 4.7 Earth Magic
 + Level 4.7 Poison Magic
 + Level 6.3 Invocations
 + Level 5.7 Evocations


You had 20 spell levels left.
You didn't know any spells.
Your spell library contained the following spells:

 Spells                   Type           Power      Damage    Failure   Level
 Dazzling Flash           Conj/Hex       24%        N/A       77%         3
 Tukima's Dance           Hex            12%        N/A       77%         3
 Passage of Golubria      Tloc           12%        N/A       99%         4
 Agony                    Necr           12%        N/A       100%        5
 Silence                  Hex/Air        6%         N/A       100%        5
 Yara's Violent Unravell  Hex/Tmut       6%         3d5       100%        5


Dungeon Overview and Level Annotations

Branches:
Dungeon (10/15)            Temple (0/1) D:5
   Lair: D:8-11         Orc: D:9-12

Altars:
Ashenzari
Cheibriados
Dithmenos
Elyvilon
Gozag
Qazlal
Ru
Trog
Uskayaw
Zin

Shops:
D:1 *   D:7 *   D:9 !

Annotations:
D:10 Josephine


Innate Abilities, Weirdness & Mutations

You have very sharp teeth.
Your uncanny sense of smell can sniff out nearby items.
Your experience applies equally to all skills.
You are partially covered in iridescent scales. (AC +2)
You are agile. (Dex +4, Str/Int -1)
You are robust. (+10% HP)
Your spells are a little easier to cast, but a little less powerful.


Message History

The centaur hits you.
* * * LOW HITPOINT WARNING * * *
The centaur closely misses you. Josephine misses you.
The wraith barely misses you. The troll bites you but does no damage.
The troll claws you but does no damage. The troll claws you.
* * * LOW HITPOINT WARNING * * *
The wraith barely misses you. The wraith hits you!
* * * LOW HITPOINT WARNING * * *
The centaur hits you but does no damage.
The centaur barely misses you.
Okay, then. [a] - 308 gold - curing and magic [b] - 242 gold - curing and magic [c] - 525 gold - might, brilliance, heal wounds, curing and berserk rage Purchase which effect?
You don't have enough gold for that! [a] - 308 gold - curing and magic [b] - 242 gold - curing and magic [c] - 525 gold - might, brilliance, heal wounds, curing and berserk rage Purchase which effect?
You no longer have enough gold to petition Gozag for potion effects.
You feel better. Magic courses through your body.
The centaur barely misses you. x2
Josephine hits you with a +3 dagger of venom.
* * * LOW HITPOINT WARNING * * *
You are poisoned.
The wraith closely misses you. The troll bites you.
* * * LOW HITPOINT WARNING * * *
The troll barely misses you. The troll claws you but does no damage.
The wraith closely misses you. The wraith hits you.
* * * LOW HITPOINT WARNING * * *
The wraith drains your vigour!
You feel as though you will be slow longer.
The centaur closely misses you.
The centaur kicks you but does no damage.
Josephine hits you but does no damage.
You are more poisoned.
The troll bites you!
You die...
Your body crumbles into a pile of gold.

#. ## #
#.###.. #.
......##
.#.## #.#....
....##.....
#..?...#.##
(#
#....##@W#..#
#...lW@T..#
##..##Wc...#
#.<./.....#
#...#.....#
>..........#
####...######
..... .##....
#...#


You could see Josephine, a troll, 3 wraiths, a wyvern and a centaur.

Vanquished Creatures
  2 two-headed ogres
  Joseph (D:8)
  Psyche (D:8)
  A troll (D:8)
  A wyvern (D:9)
  An ice beast (D:5)
  A black bear (D:5)
  An ogre (D:5)
  A centaur (D:8)
  A kobold brigand (D:9)
  5 bullfrogs
  4 scorpions
  12 wights
  10 killer bees (D:9)
  3 howler monkeys (D:8)
  3 jellies
  5 hounds
  2 gnoll boudas (D:9)
  9 orc priests
  2 sleepcaps (D:6)
  Crazy Yiuf (D:2)
  Jessica (D:2)
  3 iguanas
  11 orc wizards
  8 gnolls (D:9)
  6 adders
  4 white imps
  An ufetubus (D:5)
  The ghost of comborobin the Sneak, a weakling FoDe (D:6)
  2 dart slugs
  29 orcs
  11 ball pythons
  10 endoplasms
  2 giant cockroaches (D:1)
  13 goblins
  7 hobgoblins
  2 jackals (D:9)
  2 quokkas
  6 bats
  3 frilled lizards
  13 kobolds
  9 rats
211 creatures vanquished.

Vanquished Creatures (others)
  A wizard (D:9)
1 creature vanquished.

Grand Total: 212 creatures vanquished

Notes
Turn   | Place    | Note
-------+----------+-------------------------------------------
     0 | D:1      | CommanderCrumbcake the Gnoll Monk began the quest for the
                  | Orb.
     0 | D:1      | Reached XP level 1. HP: 23/23 MP: 1/1
    44 | D:1      | Reached XP level 2. HP: 13/29 MP: 2/2
   140 | D:1      | Found a faded altar of an unknown god.
   143 | D:1      | Prayed at the altar of an unknown god.
   143 | D:1      | Became a worshipper of Gozag Ym Sagoz the Greedy
   243 | D:1      | Found Haumiter's Assorted Antiques.
   289 | D:1      | Bought a scroll labelled MIOSU GOBRE for 26 gold pieces
   384 | D:1      | Reached XP level 3. HP: 16/35 MP: 3/3
   500 | D:1      | Reached skill level 1 in Invocations
   537 | D:1      | Identified a scroll of acquirement
   537 | D:1      | Acquired the ring "Goriubua" {*Corrode rElec rN+ Int+3
                  | Dex+5}
   959 | D:2      | Reached skill level 1 in Short Blades
   959 | D:2      | Reached skill level 1 in Long Blades
   959 | D:2      | Reached skill level 1 in Maces & Flails
   959 | D:2      | Reached skill level 1 in Polearms
   959 | D:2      | Reached skill level 1 in Staves
   959 | D:2      | Reached skill level 1 in Ranged Weapons
   959 | D:2      | Reached skill level 1 in Throwing
   959 | D:2      | Reached skill level 1 in Armour
   959 | D:2      | Reached skill level 1 in Stealth
   959 | D:2      | Reached skill level 1 in Shields
   959 | D:2      | Reached skill level 1 in Unarmed Combat
   959 | D:2      | Reached skill level 1 in Spellcasting
   959 | D:2      | Reached skill level 1 in Evocations
  1016 | D:2      | Noticed Jessica
  1026 | D:2      | Killed Jessica
  1027 | D:2      | Reached XP level 4. HP: 41/41 MP: 5/5
  1047 | D:2      | Reached skill level 1 in Conjurations
  1047 | D:2      | Reached skill level 1 in Hexes
  1047 | D:2      | Reached skill level 1 in Summonings
  1047 | D:2      | Reached skill level 1 in Necromancy
  1047 | D:2      | Reached skill level 1 in Translocations
  1047 | D:2      | Reached skill level 1 in Transmutations
  1047 | D:2      | Reached skill level 1 in Fire Magic
  1047 | D:2      | Reached skill level 1 in Ice Magic
  1047 | D:2      | Reached skill level 1 in Air Magic
  1047 | D:2      | Reached skill level 1 in Earth Magic
  1047 | D:2      | Reached skill level 1 in Poison Magic
  1290 | D:1      | Bought a pair of glimmering gloves for 247 gold pieces
  1290 | D:1      | Identified the +2 pair of gloves of Quagumyc {Dex+5} (You
                  | bought it in a shop on level 1 of the Dungeon)
  1290 | D:1      | Bought a green potion for 23 gold pieces
  1353 | D:2      | Found an opulent altar of Gozag.
  1554 | D:2      | Found a runed translucent door.
  1555 | D:2      | Noticed Crazy Yiuf
  1562 | D:2      | Killed Crazy Yiuf
  1563 | D:2      | Reached XP level 5. HP: 38/47 MP: 4/7
  1793 | D:3      | Found a sacrificial altar of Ru.
  1799 | D:3      | Found a glowing silver altar of Zin.
  2750 | D:4      | Reached XP level 6. HP: 36/53 MP: 8/8
  3493 | D:5      | Entered Level 5 of the Dungeon
  3493 | D:5      | Noticed a black bear
  3499 | D:5      | Killed a black bear
  3500 | D:5      | Reached XP level 7. HP: 56/60 MP: 10/10
  3560 | D:5      | Found a staircase to the Ecumenical Temple.
  3947 | D:5      | Found a shadowy altar of Dithmenos.
  4010 | D:5      | Reached XP level 8. HP: 39/67 MP: 12/12
  4418 | D:5      | You fall into a shaft and drop 3 floors!
  4624 | D:8      | Noticed Psyche
  4648 | D:8      | Noticed Joseph
  4747 | D:8      | Killed Psyche
  4748 | D:8      | Reached XP level 9. HP: 68/73 MP: 13/15
  4754 | D:8      | Killed Joseph
  4905 | D:8      | Noticed a two-headed ogre
  4924 | D:8      | Killed a two-headed ogre
  4925 | D:8      | Reached skill level 5 in Invocations
  4946 | D:8      | Noticed a troll
  4964 | D:8      | Killed a troll
  5674 | D:8      | Found a stormy altar of Qazlal.
  6006 | D:7      | Found a hide-covered altar of Uskayaw.
  6014 | D:7      | Reached skill level 5 in Short Blades
  6014 | D:7      | Reached skill level 5 in Long Blades
  6014 | D:7      | Reached skill level 5 in Maces & Flails
  6014 | D:7      | Reached skill level 5 in Polearms
  6014 | D:7      | Reached skill level 5 in Staves
  6014 | D:7      | Reached skill level 5 in Ranged Weapons
  6014 | D:7      | Reached skill level 5 in Throwing
  6014 | D:7      | Reached skill level 5 in Armour
  6014 | D:7      | Reached skill level 5 in Stealth
  6014 | D:7      | Reached skill level 5 in Shields
  6014 | D:7      | Reached skill level 5 in Unarmed Combat
  6014 | D:7      | Reached skill level 5 in Spellcasting
  6014 | D:7      | Reached skill level 5 in Evocations
  6014 | D:7      | Reached XP level 10. HP: 67/81 MP: 17/17
  6164 | D:7      | Found a broken altar of Ashenzari.
  6182 | D:7      | Bought a scroll of vulnerability for 72 gold pieces
  6182 | D:7      | Bought a scroll of identify for 36 gold pieces
  6229 | D:6      | Found a runed translucent door.
  6229 | D:6      | Noticed comborobin's ghost (weakling FoDe)
  6242 | D:6      | Killed comborobin's ghost
  6680 | D:6      | Found a snail-covered altar of Cheibriados.
  6946 | D:9      | Identified the +8 flail "Sextaos" {elec, rN+}
  7124 | D:9      | Found Ilacsemo's Distillery.
  7165 | D:9      | Bought a potion of mutation for 120 gold pieces
  7165 | D:9      | Bought a potion of curing for 45 gold pieces
  7165 | D:9      | Bought a potion of curing for 45 gold pieces
  7165 | D:9      | Bought a potion of mutation for 120 gold pieces
  7165 | D:9      | Bought a potion of curing for 45 gold pieces
  7165 | D:9      | Bought a potion of heal wounds for 75 gold pieces
  7165 | D:9      | Gained mutation: You passively dampen the noise of your
                  | surroundings. [potion of mutation]
  7165 | D:9      | Gained mutation: You are robust. (+10% HP) [potion of
                  | mutation]
  7165 | D:9      | Gained mutation: Your magical capacity is low. (-10% MP)
                  | [potion of mutation]
  7166 | D:9      | Lost mutation: You passively dampen the noise of your
                  | surroundings. [potion of mutation]
  7166 | D:9      | Lost mutation: Your magical capacity is low. (-10% MP)
                  | [potion of mutation]
  7166 | D:9      | Gained mutation: You are partially covered in iridescent
                  | scales. (AC +2) [potion of mutation]
  7166 | D:9      | Gained mutation: Your spells are a little easier to cast,
                  | but a little less powerful. [potion of mutation]
  7166 | D:9      | Gained mutation: You are agile. (Dex +4, Str/Int -1)
                  | [potion of mutation]
  7376 | D:9      | Noticed a two-headed ogre
  7385 | D:9      | Killed a two-headed ogre
  7584 | D:9      | Found an opulent altar of Gozag.
  7832 | D:9      | Found a white marble altar of Elyvilon.
  7876 | D:9      | Found a bloodstained altar of Trog.
  7878 | D:9      | Noticed a wizard
  7884 | D:9      | Killed a wizard
  7973 | D:10     | Entered Level 10 of the Dungeon
  7973 | D:10     | Noticed Josephine
  7992 | D:10     | HP: 3/87 [wraith[Josephine] (9)]
  7993 | D:10     | Mangled by a troll

Illustrated notes

Levels and vault maps discovered:
D:1:      dpeg_arrival_circle_labyrinth_a, layout_basic, serial_shops,
          nicolae_shop_tiny_glass, hellmonk_ecumenical_altar_inner_sanctum,
          kennysheep_minor_cross, minmay_liquid_box
D:2:      layout_basic, basic_altar, chequers_serial_rivers_small_a,
          uniq_jessica, uniq_crazy_yiuf_cottage
D:3:      layout_rooms, mainiacjoe_overflow_big_doors, serial_forest,
          infiniplex_forest_pool, infiniplex_forest_clump_large,
          infiniplex_forest_lined_room_, infiniplex_forest_straight_1,
          infiniplex_forest_lined_3, infiniplex_forest_straight_1,
          minmay_shallow_snake_nest
D:4:      layout_basic, reono_crystal_passage, minmay_stone_trees_medium,
          lightli_corner_chamber
D:5:      layout_basic, grunt_dithmenos_smoke, minmay_temple_entry_ruins,
          st_stairs_6
D:6:      layout_basic, nicolae_overflow_crystal_walls, gammafunk_ghost_grave
D:7:      layout_basic, tso_oasis_becter, mainiacjoe_overflow_tiny_flanked,
          nicolae_ashenzari_panopticon, mainiacjoe_overflow_24_doors,
          ebering_ghost_xom
D:8:      layout_basic, kennysheep_mini, kennysheep_nondescript, uniq_psyche,
          uniq_joseph
D:9:      layout_cave_pools, trog_wizard, mainiacjoe_overflow_cross_hatched,
          mainiacjoe_overflow_alcove_2, serial_gnoll_camp, gnoll_camp_mini_hut,
          gnoll_camp_mini_shop, gnoll_camp_mini_hut, gnoll_camp_mini_doghouse,
          gnoll_camp_mini_hut, gnoll_camp_mini_doghouse, minivault_19
D:10:     layout_rooms, worldfamousw_hep_ancestral_shrine, dpeg_oklobed_lair,
          enter_bailey_2, uniq_josephine, uniq_lodul

Skill      XL: |  1  2  3  4  5  6  7  8  9 10 |
---------------+-------------------------------+-----
Invocations    | 1 2 3 4 5 6 |  6.3
Short Blades   | 1 2 3 4 5 |  5.7
Long Blades    | 1 2 3 4 5 |  5.7
Maces & Flails | 1 2 3 4 5 |  5.7
Polearms       | 1 2 3 4 5 |  5.7
Staves         | 1 2 3 4 5 |  5.7
Ranged Weapons | 1 2 3 4 5 |  5.7
Throwing       | 1 2 3 4 5 |  5.7
Armour         | 1 2 3 4 5 |  5.7
Stealth        | 1 2 3 4 5 |  5.7
Shields        | 1 2 3 4 5 |  5.7
Unarmed Combat | 1 2 3 4 5 |  5.7
Spellcasting   | 1 2 3 4 5 |  5.7
Evocations     | 1 2 3 4 5 |  5.7
Conjurations   | 1 2 3 4 |  4.7
Hexes          | 1 2 3 4 |  4.7
Summonings     | 1 2 3 4 |  4.7
Necromancy     | 1 2 3 4 |  4.7
Translocations | 1 2 3 4 |  4.7
Transmutations | 1 2 3 4 |  4.7
Fire Magic     | 1 2 3 4 |  4.7
Ice Magic      | 1 2 3 4 |  4.7
Air Magic      | 1 2 3 4 |  4.7
Earth Magic    | 1 2 3 4 |  4.7
Poison Magic   | 1 2 3 4 |  4.7
Fighting       | 7 8 |  8.8
Axes           | 7 8 |  8.8
Dodging        | 7 8 |  8.8

Action                     |  1- 3 |  4- 6 |  7- 9 | 10-12 || total
---------------------------+-------+-------+-------+-------++-------
  Melee: Hand axe          |    87 |   141 |   109 |       ||   337
         Bite              |     4 |    18 |    18 |    37 ||    77
         Dagger            |       |       |    36 |   208 ||   244
  Throw: Javelin           |       |       |    22 |    34 ||    56
 Invoke: Potion Petition   |       |       |       |     1 ||     1
         Call Merchant     |       |       |       |     1 ||     1
  Evoke: Wand              |       |     6 |     3 |     1 ||    10
         Phial of floods   |       |       |       |     1 ||     1
    Use: Scroll            |     4 |     6 |     6 |     5 ||    21
         Potion            |     1 |       |     3 |     6 ||    10
   Stab: Distracted        |       |       |     3 |       ||     3
 Armour: Robe              |    15 |     2 |       |       ||    17
         Chain mail        |       |    53 |    96 |   167 ||   316
         Skin              |       |       |     5 |       ||     5
  Dodge: Dodged            |    69 |    62 |    82 |   198 ||   411
